 Dungeon Crawl Stone Soup version 0.23-a0-270-gab6feb3 (webtiles) character file.

41 TheGoonsmith the Sneak (level 3, 0/16 HPs)
             Began as a Spriggan Enchanter on Oct 1, 2018.
             Slain by a bat (1 damage)
             ... on level 1 of the Dungeon.
             The game lasted 00:03:04 (887 turns).

TheGoonsmith the Sneak (Spriggan Enchanter)          Turns: 887, Time: 00:03:05

Health: 0/16       AC:  2    Str:  4    XL:     3   Next: 32%
Magic:  2/8        EV: 19    Int: 16    God:
Gold:   11         SH:  0    Dex: 17    Spells: 5/8 levels left

rFire    . . .     SeeInvis +   a - +1 dagger
rCold    . . .     Gourm    .   (shield restricted)
rNeg     . . .     Faith    .   b - +0 robe
rPois    .         Spirit   .   (helmet restricted)
rElec    .         Reflect  .   (no cloak)
rCorr    .         Harm     .   (gloves unavailable)
MR       .....                  (boots unavailable)
Stlth    +++.......             (no amulet)
HPRegen  0.05/turn              (no ring)
MPRegen  0.11/turn              (no ring)

@: very slightly contaminated, very quick
A: very small, unfitting armour, see invisible, herbivore, speed 3, slow
metabolism 2
a: no special abilities


You were on level 1 of the Dungeon.
You were not hungry.

You visited 1 branch of the dungeon, and saw 1 of its levels.

You collected 11 gold pieces.

Inventory:

Hand Weapons
 a - a +1 dagger (weapon)
Missiles
 c - 19 poisoned needles
Armour
 b - a +0 robe (worn)
Scrolls
 e - a scroll of enchant armour {unknown}
 f - a scroll of identify {unknown}
Comestibles
 d - 5 rations


   Skills:
 + Level 1.6 Short Blades
 + Level 3.6 Dodging
 * Level 5.3 Stealth
 - Level 3.0 Spellcasting
 + Level 4.0 Hexes


You had 5 spell levels left.
You knew the following spells:

 Your Spells              Type           Power        Failure   Level  Hunger
a - Corona                Hex            ###....      3%          1    #......
b - Ensorcelled Hibernat  Hex/Ice        #.....       12%         2    ##.....

Your spell library contained the following spells:

 Spells                   Type           Power        Failure   Level  Hunger
 Confuse                  Hex            ###.....     11%         3    ###....
 Tukima's Dance           Hex            ###.....     11%         3    ###....
 Dazzling Spray           Conj/Hex       #.....       24%         3    ###....


Dungeon Overview and Level Annotations

Branches:
Dungeon (1/15)

Altars:


Innate Abilities, Weirdness & Mutations

You are very small and have problems with some larger weapons.
You are too small for most types of armour.
You have supernaturally acute eyesight. (SInv)
You are a herbivore.
You cover ground extremely quickly.
You need to consume almost no food.


Message History

Aiming: Ensorcelled Hibernation (safe; 12% risk of failure)
Press: ? - help, Shift-Dir - straight line, f/p - bat
Aim: a bat (chance to defeat MR: 57%)
The bat looks drowsy...
You are too injured to fight recklessly!
You are too injured to fight recklessly!
You are too injured to fight recklessly!
You are too injured to fight recklessly!
You are too injured to fight recklessly!
You barely miss the kobold. The kobold misses you.
You hit the kobold but do no damage. The kobold hits you with a club.
* * * LOW HITPOINT WARNING * * *
You closely miss the kobold. The kobold closely misses you.
You aren't carrying any potions.
Unknown command.
The bat misses you. The bat misses you. The bat misses you.
You closely miss the bat. The bat hits you.
You die...

..###......................).....
....(.###..###.###.......####.#.#
......# ##.###.###.......# #.#..
......# #..##.#.......).####.#.#
......# ##.##.#.##........#..#..
......# ###.##.#.##......#.#.##.#
......# #....#.#.##.....##.#....#
......# #....#...(......##.######
......# #.......@)...............
......# #......#b..........######
......# ####...#....##.#...#
.....)# #........##.#...######
......# ####.....##...........
......# #.##.....####......###
......# #........# ##.....#
......######.#...(.## #.....#
######..b....†.###..# #.....#


You could see a bat.

Vanquished Creatures
  A gnoll (D:1)
  An ooze (D:1)
  2 leopard geckos (D:1)
  2 giant cockroaches (D:1)
  5 hobgoblins (D:1)
  A kobold (D:1)
  3 bats (D:1)
  2 frilled lizards (D:1)
  2 goblins (D:1)
  6 rats (D:1)
25 creatures vanquished.

Notes
Turn   | Place    | Note
-------+----------+-------------------------------------------
     0 | D:1      | TheGoonsmith the Spriggan Enchanter began the quest for the
                  | Orb.
     0 | D:1      | Reached XP level 1. HP: 9/9 MP: 5/5
    76 | D:1      | Reached XP level 2. HP: 6/13 MP: 6/6
   385 | D:1      | Reached skill level 5 in Stealth
   538 | D:1      | Learned a level 2 spell: Ensorcelled Hibernation
   672 | D:1      | Reached XP level 3. HP: 16/16 MP: 2/8
   887 | D:1      | Slain by a bat

Vault maps used:
D:1:      minmay_arrival_up_and_down, minmay_pentomino_s2

Skill      XL: |  1  2  3 |
---------------+----------+-----
Stealth        | 5 |  5.3
Spellcasting   | 3 |  3.0
Hexes          | 4 |  4.0
Short Blades   | |  1.6
Dodging        | |  3.6

Action                   || total
-------------------------++-------
Melee: Dagger            ||   110
 Cast: Ensorcelled Hiber ||    10
       Corona            ||     2
 Stab: Sleeping          ||     8
Armor: Robe              ||    12
Dodge: Dodged            ||   120

Table legend:
 A = Non-vault XP
 B = Vault XP
 C = Vault XP percentage of total XP
 D = Non-vault monster count
 E = Vault monster count
 F = Vault count percentage of total count
                 A         B        C        D         E       F
            +---------+---------+-------+---------+---------+-------
      Total |      55 |       4 |   6.8 |      23 |       2 |   8.0
            +---------+---------+-------+---------+---------+-------
        D:1 |      55 |       4 |   6.8 |      23 |       2 |   8.0
            +---------+---------+-------+---------+---------+-------
